 Dungeon Crawl Stone Soup version 0.31-a0-188-g5e087ee2ca (webtiles) character file.

Game seed: 15665790615709694660

105 qw the Skirmisher (level 4, 0/25 HPs)
             Began as a Deep Elf Hunter on June 22, 2023.
             Slain by a kobold
             ... wielding a +0 short sword
              (3 damage)
             ... on level 3 of the Dungeon.
             The game lasted 00:00:41 (1701 turns).

qw the Skirmisher (Deep Elf Hunter)                 Turns: 1701, Time: 00:00:41

Health: 0/25       AC:  4    Str: 10    XL:     4   Next: 53%
Magic:  6/6        EV: 12    Int: 14    God:
Gold:   124        SH:  0    Dex: 18    Spells: 3/3 levels left

rFire   . . .        Y - +0 shortbow
rCold   . . .        (shield currently unavailable)
rNeg    . . .        c - +0 leather armour
rPois   .            (no helmet)
rElec   .            (no cloak)
rCorr   .            (no gloves)
SInv    .            l - +0 pair of boots
Will    .....        (no amulet)
Stlth   ++           (no ring)
HPRegen 0.24/turn    (no ring)
MPRegen 0.10/turn

%: no passive effects
@: no status effects
A: no striking features
a: no special abilities


You were on level 3 of the Dungeon.
You visited 1 branch of the dungeon, and saw 3 of its levels.

You collected 124 gold pieces.


   Skills:
 - Level 1.5 Fighting
 + Level 8.0 Ranged Weapons
 - Level 2.4 Dodging
 - Level 1.2 Stealth


You had 3 spell levels left.
You didn't know any spells.
Your spell library was empty.

Inventory:

Hand Weapons
 Y - a +0 shortbow (weapon)
Armour
 c - a +0 leather armour (worn)
 l - a +0 pair of boots (worn)
Potions
 a - a potion of heal wounds {unknown}
 d - a potion of berserk rage {unknown}
 e - a potion of curing
 g - a potion of haste {unknown}
 j - a potion of attraction {unknown}
 k - a potion of enlightenment {unknown}

Dungeon Overview and Level Annotations

Branches:
Dungeon (3/15)

Altars:


Message History

The arrow barely misses the orc priest.
You shoot an arrow.
The arrow hits the orc but does no damage.
The orc hits you with a +0 flail of holy wrath.
You shoot an arrow. The arrow barely misses the orc priest.
The orc completely misses you.
The orc priest hits you but does no damage.
You shoot an arrow. The arrow hits the orc priest.
The orc priest is heavily wounded.
The orc hits you with a +0 flail of holy wrath.
The orc priest barely misses you.
You shoot an arrow.
The arrow hits the orc priest but does no damage.
The orc priest is heavily wounded.
The orc hits you with a +0 flail of holy wrath.
The orc priest misses you.
You shoot an arrow. The arrow hits the orc priest.
The orc priest is almost dead.
The orc hits you with a +0 flail of holy wrath.
The orc priest hits you but does no damage.
You shoot an arrow. The arrow hits the orc priest.
The orc priest is almost dead.
The orc closely misses you.
A kobold comes into view. It is wielding a +0 short sword.
The orc priest barely misses you.
You shoot an arrow. The arrow hits the orc priest.
You kill the orc priest!
The orc misses you.
Your Ranged Weapons skill increases to level 8!
You shoot an arrow.
The arrow hits the orc but does no damage.
The orc barely misses you.
You shoot an arrow. The arrow barely misses the orc.
The orc misses you.
The kobold hits you with a +0 short sword.
You shoot an arrow. The arrow hits the orc.
The orc is severely wounded.
The orc misses you. The kobold hits you but does no damage.
The kobold hits you with a +0 short sword.
You die...

##
...#.....#.####.#
####.....#......#
#..#.#########
#..#......#
#.......#.#
##.#####.#.# ...
#.#.#
###..####.#.#
.......#@#.#
#..Ko#.#
.....).###.#
....... ##.#... #
#... #... #...
#.o.


You could see an orc and a kobold.

Vanquished Creatures
  An orc priest (D:3)
  3 adder zombies (D:2)
  A worm (D:3)
  2 dart slugs
  An orc (D:3)
  6 ball pythons (D:1)
  10 endoplasms
  3 giant cockroaches
  9 goblins
  2 hobgoblins (D:1)
  2 quokkas
  A ball python skeleton (D:2)
  A ball python zombie (D:2)
  2 bats
  A frilled lizard (D:1)
  5 kobolds
  2 rats
52 creatures vanquished.

Notes
Turn   | Place    | Note
-------+----------+-------------------------------------------
     0 | D:1      | qw the Deep Elf Hunter began the quest for the Orb.
     0 | D:1      | Reached XP level 1. HP: 12/12 MP: 3/3
     0 | D:1      | 0 ||| qw: Version: 0.3-a-9-g12657ce
     0 | D:1      | 0 ||| qw: Game counter: 2775
     0 | D:1      | 0 ||| qw: Always use a shield: true
     0 | D:1      | 0 ||| qw: God list: Okawaru
     0 | D:1      | 0 ||| qw: Allow faded altars: false
     0 | D:1      | 0 ||| qw: Do Orc after D:15 true
     0 | D:1      | 0 ||| qw: Do second Lair branch before Depths: true
     0 | D:1      | 0 ||| qw: Lair rune preference: random
     0 | D:1      | 0 ||| qw: Plans: Normal
     0 | D:1      | 0 ||| PLANNING D:1-11
   149 | D:1      | Reached skill level 6 in Ranged Weapons
   149 | D:1      | Reached XP level 2. HP: 16/16 MP: 4/4
   537 | D:1      | Reached XP level 3. HP: 20/20 MP: 5/5
   840 | D:1      | 840 ||| READING scroll labelled FUIRPHU LOO.
   879 | D:1      | 879 ||| DRINKING 2 metallic coppery potions.
   880 | D:1      | 880 ||| DROPPING scroll of butterflies.
  1001 | D:2      | Reached skill level 7 in Ranged Weapons
  1208 | D:2      | Found a faded altar of an unknown god.
  1520 | D:2      | 1520 ||| UPGRADING to +0 pair of boots.
  1525 | D:2      | 1525 ||| DROPPING ring of flight.
  1526 | D:2      | 1526 ||| READING scroll labelled NAOSAJALOQ.
  1527 | D:2      | 1527 ||| READING scroll labelled MOMILOI TADDU.
  1532 | D:2      | 1532 ||| READING scroll labelled SYVAQE BAPTITO.
  1595 | D:3      | Reached XP level 4. HP: 25/25 MP: 6/6
  1682 | D:3      | 1682 ||| Stepping ~*~*~tactically~*~*~ (outnumbered).
  1684 | D:3      | 1684 ||| Stepping ~*~*~tactically~*~*~ (outnumbered).
  1694 | D:3      | HP: 6/25 [orc/+0 flail of holy wrath (3)]
  1699 | D:3      | Reached skill level 8 in Ranged Weapons
  1700 | D:3      | HP: 2/25 [kobold/+0 short sword (2)]
  1701 | D:3      | Slain by a kobold

Levels and vault maps discovered:
D:1:      minmay_arrival_open_corners, layout_loops_corners
D:2:      layout_basic, hellmonk_ecumenical_altar_lost_god, serial_undead,
          serial_undead_e, serial_undead_a, serial_undead_e, serial_undead_f,
          small_statue_intersection, st_stairs_10, amethyst_killhole
D:3:      layout_basic, uniq_jessica

Skill      XL: |  1  2  3  4 |
---------------+-------------+-----
Ranged Weapons | 6 7 8 |  8.0
Fighting       | |  1.5
Dodging        | |  2.4
Stealth        | |  1.2

Action                     |  1- 3 |  4- 6 || total
---------------------------+-------+-------++-------
   Fire: Shortbow          |   132 |    24 ||   156
    Use: Scroll            |     4 |       ||     4
         Potion            |     1 |       ||     1
 Armour: Leather armour    |    19 |     3 ||    22
  Dodge: Dodged            |    30 |    10 ||    40

Table legend:
 A = Non-vault XP
 B = Vault XP
 C = Vault XP percentage of total XP
 D = Non-vault monster count
 E = Vault monster count
 F = Vault count percentage of total count
                 A         B        C        D         E       F
            +---------+---------+-------+---------+---------+-------
      Total |     124 |      26 |  17.3 |      44 |       8 |  15.4
            +---------+---------+-------+---------+---------+-------
        D:1 |      53 |       0 |   0.0 |      30 |       0 |   0.0
        D:2 |       8 |      26 |  76.5 |       4 |       8 |  66.7
        D:3 |      63 |       0 |   0.0 |      10 |       0 |   0.0
            +---------+---------+-------+---------+---------+-------
